 Dungeon Crawl Stone Soup version 0.31.0-11-ge490571c62 (webtiles) character file.

Game seed: 16752675433265225242

102 qw the Shooter (level 4, 0/25 HPs)
             Began as a Deep Elf Hunter on Feb 4, 2024.
             Slain by Grinder (3 damage)
             ... on level 4 of the Dungeon.
             The game lasted 00:00:10 (2648 turns).

qw the Shooter (Deep Elf Hunter)                    Turns: 2648, Time: 00:00:11

Health: 0/25       AC:  7    Str:  9    XL:     4   Next: 50%
Magic:  6/6        EV: 11    Int: 18    God:
Gold:   195        SH:  0    Dex: 23    Spells: 3/3 levels left

rFire   . . .        a - +0 shortbow
rCold   . . .        (shield currently unavailable)
rNeg    . . .        n - +0 ring mail
rPois   +            (no helmet)
rElec   .            c - +1 cloak
rCorr   .            (no gloves)
SInv    .            (no boots)
Will    .....        o - amulet of faith
Stlth   ++           l - ring of poison resistance
HPRegen 0.24/turn    m - +6 ring of dexterity
MPRegen 0.10/turn

%: faith
@: no status effects
A: hooves 1, clever 1, wild magic 1
a: no special abilities


You were on level 4 of the Dungeon.
You visited 1 branch of the dungeon, and saw 4 of its levels.

You collected 195 gold pieces.


Innate Abilities, Weirdness & Mutations

You have large cloven feet.
Your mind is acute. (Int +4, Str/Dex -1)
Your spells are a little harder to cast, but a little more powerful.


   Skills:
 - Level 1.5 Fighting
 + Level 7.9 Ranged Weapons
 - Level 2.4 Dodging
 - Level 1.2 Stealth


You had 3 spell levels left.
You didn't know any spells.
Your spell library was empty.

Inventory:

Hand Weapons
 a - a +0 shortbow (weapon)
Armour
 c - a +1 cloak (worn)
 n - a +0 ring mail (worn)
Jewellery
 l - a ring of poison resistance (left hand)
 m - a +6 ring of dexterity (right hand)
 o - an amulet of faith (around neck)
 p - a ring of protection from fire
Wands
 e - a wand of iceblast (5)
Potions
 b - a potion of resistance {unknown}
 d - a potion of attraction {unknown}
 f - a potion of heal wounds
 g - 2 potions of curing
 h - a potion of might {unknown}
 j - a potion of mutation

Dungeon Overview and Level Annotations

Branches:
Dungeon (4/15)
 Temple: D:4-7

Altars:
Trog

Shops:
D:1 *:

Annotations:
D:3 exclusion: moth of wrath
D:4 Grinder


Message History

Grinder gestures at you. Pain shoots through your body!
2595 ||| FLEEEEING.
There is a stone staircase leading up here.
2596 ||| STAIRDANCE You climb upwards.
Level annotation: exclusion: moth of wrath
There is a stone staircase leading down here.
You start resting.
HP restored.
You climb downwards.
Level annotation: Grinder
There is a stone staircase leading up here.
You shoot an arrow. The arrow hits Grinder.
Grinder is lightly wounded.
You shoot an arrow. The arrow hits Grinder.
Grinder is moderately wounded.
Grinder gestures at you.
You suddenly lose the ability to move!
Grinder hits you but does no damage. Grinder gestures at you.
Pain shoots through your body! Grinder hits you but does no damage. x2
You can move again.
You shoot an arrow. The arrow closely misses Grinder.
Grinder closely misses you.
You shoot an arrow. The arrow hits Grinder!
Grinder is heavily wounded.
Grinder gestures at you. Pain shoots through your body!
You shoot an arrow. The arrow hits Grinder.
Grinder is severely wounded.
Grinder says, "Wait up."
Grinder closely misses you.
You shoot an arrow.
The arrow hits Grinder but does no damage.
Grinder is severely wounded.
Grinder hits you.
You writhe in agony.
Grinder hits you.
You die...
Grinder sighs, "Dead already?
I want a refund."

##
.#.####.##
.......#@#
#.5# #..#
#..# #..#
#..# #..#
#..# #...


You could see Grinder.

Vanquished Creatures
  3 gnolls (D:2)
  2 adders (D:2)
  2 ribbon worms
  2 dart slugs
  2 endoplasms (D:1)
  2 giant cockroaches (D:1)
  4 goblins
  A hobgoblin (D:2)
  4 jackals (D:2)
  5 kobolds
  2 quokkas (D:1)
  3 ball pythons
  4 bats
  3 frilled lizards
  10 rats
49 creatures vanquished.

Notes
Turn   | Place    | Note
-------+----------+-------------------------------------------
     0 | D:1      | qw the Deep Elf Hunter began the quest for the Orb.
     0 | D:1      | Reached XP level 1. HP: 12/12 MP: 3/3
     0 | D:1      | 0 ||| qw: Version: 0.3-a-160-g6735b56
     0 | D:1      | 0 ||| qw: Game counter: 5129
     0 | D:1      | 0 ||| qw: Melee chars always use a shield: true
     0 | D:1      | 0 ||| qw: God list: Okawaru
     0 | D:1      | 0 ||| qw: Allow faded altars: false
     0 | D:1      | 0 ||| qw: Do Orc after clearing Dungeon:15 true
     0 | D:1      | 0 ||| qw: Do second Lair branch before Depths: true
     0 | D:1      | 0 ||| qw: Lair rune preference: random
     0 | D:1      | 0 ||| qw: Goals: Normal
     0 | D:1      | 0 ||| PLANNING D:1-11
    10 | D:1      | Found Cat Joageg's Assorted Antiques.
    17 | D:1      | 17 ||| SHOPLISTING brown potion (27 gold, have 0).
    17 | D:1      | 17 ||| SHOPLISTING glowing sapphire potion (27 gold, have
                  | 0).
    17 | D:1      | 17 ||| SHOPLISTING inky potion (27 gold, have 0).
    17 | D:1      | 17 ||| SHOPLISTING metallic white potion (27 gold, have 0).
    17 | D:1      | 17 ||| SHOPLISTING sapphire potion (27 gold, have 0).
    17 | D:1      | 17 ||| SHOPLISTING scroll labelled NIUTTOECUY (30 gold,
                  | have 0).
    17 | D:1      | 17 ||| SHOPLISTING scroll labelled PEMYMO SAROSI (30 gold,
                  | have 0).
    17 | D:1      | 17 ||| SHOPLISTING scroll labelled WEASHA TAEMNO (30 gold,
                  | have 0).
    17 | D:1      | 17 ||| SHOPLISTING triangular zirconium amulet (150 gold,
                  | have 0).
   204 | D:1      | Reached XP level 2. HP: 16/16 MP: 4/4
   208 | D:1      | Reached skill level 6 in Ranged Weapons
   781 | D:1      | Found Ulod's Book Boutique.
   852 | D:1      | 852 ||| UPGRADING to +0 scale mail.
   862 | D:1      | 862 ||| DROPPING +0 leather armour.
   863 | D:1      | 863 ||| DROPPING amulet of magic regeneration.
   864 | D:1      | 864 ||| UPGRADING to ring of poison resistance.
   865 | D:1      | 865 ||| READING scroll labelled JEUPPE COMOLE.
   870 | D:1      | 870 ||| READING scroll labelled QUXZYB SOIDOYR.
   871 | D:1      | 871 ||| READING scroll labelled GUUQATITOP.
   872 | D:1      | 872 ||| READING scroll labelled PEMYMO SAROSI.
   872 | D:1      | 872 ||| IDENTIFYING glowing emerald potion
   873 | D:1      | 873 ||| DRINKING 3 brown potions.
   874 | D:1      | 874 ||| DROPPING scroll of butterflies.
  1028 | D:2      | Reached XP level 3. HP: 20/20 MP: 5/5
  1177 | D:2      | 1177 ||| RETREEEEATING.
  1180 | D:2      | Reached skill level 7 in Ranged Weapons
  1189 | D:2      | HP: 1/20 [gnoll/+0 spear (5)]
  1190 | D:2      | 1190 ||| DRINKING potion of heal wounds.
  1195 | D:2      | Reached XP level 4. HP: 21/25 MP: 6/6
  1546 | D:2      | 1546 ||| UPGRADING to +0 cloak.
  1551 | D:2      | 1551 ||| UPGRADING to amulet of faith.
  1556 | D:2      | 1556 ||| DROPPING +6 ring of intelligence.
  1557 | D:2      | 1557 ||| READING scroll labelled IMARYME RURUSI.
  1558 | D:2      | 1558 ||| READING scroll labelled WOTHECZUSE.
  1558 | D:2      | 1558 ||| ENCHANTING +0 cloak.
  1559 | D:2      | 1559 ||| READING scroll labelled NIUTTOECUY.
  1560 | D:2      | 1560 ||| DRINKING 2 metallic dark potions.
  1561 | D:2      | 1561 ||| FLEEEEING.
  1562 | D:2      | 1562 ||| FLEEEEING.
  1563 | D:2      | 1563 ||| FLEEEEING.
  1564 | D:2      | 1564 ||| FLEEEEING.
  1565 | D:2      | 1565 ||| FLEEEEING.
  1566 | D:2      | 1566 ||| FLEEEEING.
  1567 | D:2      | 1567 ||| FLEEEEING.
  1568 | D:2      | 1568 ||| FLEEEEING.
  1569 | D:2      | 1569 ||| FLEEEEING.
  1570 | D:2      | 1570 ||| FLEEEEING.
  1571 | D:2      | 1571 ||| FLEEEEING.
  1572 | D:2      | 1572 ||| FLEEEEING.
  1573 | D:2      | 1573 ||| FLEEEEING.
  1574 | D:2      | 1574 ||| FLEEEEING.
  1575 | D:2      | 1575 ||| FLEEEEING.
  1576 | D:2      | 1576 ||| FLEEEEING.
  1577 | D:2      | 1577 ||| FLEEEEING.
  1578 | D:2      | 1578 ||| FLEEEEING.
  1579 | D:2      | 1579 ||| FLEEEEING.
  1580 | D:2      | 1580 ||| FLEEEEING.
  1581 | D:2      | 1581 ||| FLEEEEING.
  1582 | D:2      | 1582 ||| FLEEEEING.
  1583 | D:2      | 1583 ||| FLEEEEING.
  1584 | D:2      | 1584 ||| FLEEEEING.
  1585 | D:2      | 1585 ||| STAIRDANCE
  1687 | D:1      | 1687 ||| DROPPING potion of berserk rage.
  1741 | D:3      | 1741 ||| STAIRDANCE
  1760 | D:3      | 1760 ||| STAIRDANCE
  2301 | D:3      | Noticed a moth of wrath
  2304 | D:3      | Found a bloodstained altar of Trog.
  2514 | D:3      | 2514 ||| UPGRADING to +0 ring mail.
  2524 | D:3      | 2524 ||| DROPPING +0 scale mail.
  2525 | D:3      | 2525 ||| UPGRADING to +6 ring of dexterity.
  2526 | D:3      | 2526 ||| READING scroll labelled XOEW OBAJUCIU.
  2572 | D:3      | 2572 ||| DRINKING 2 metallic white potions.
  2572 | D:3      | Gained mutation: You have large cloven feet. [potion of
                  | mutation]
  2572 | D:3      | Gained mutation: Your mind is acute. (Int +4, Str/Dex -1)
                  | [potion of mutation]
  2572 | D:3      | Gained mutation: Your spells are a little harder to cast,
                  | but a little more powerful. [potion of mutation]
  2587 | D:4      | Noticed Grinder
  2595 | D:4      | 2595 ||| FLEEEEING.
  2596 | D:4      | 2596 ||| STAIRDANCE
  2640 | D:4      | Paralysed by Grinder for 5 turns
  2648 | D:4      | HP: 3/25 [Grinder (5)]
  2648 | D:4      | Slain by Grinder

Levels and vault maps discovered:
D:1:      minmay_arrival_stair_chambers, layout_basic, serial_shops, shop,
          nicolae_shop_behind_doors, minmay_cupped
D:2:      layout_basic, amcnicky_mini_pool_small
D:3:      layout_basic, tgw_trog
D:4:      layout_loops_ring, serial_demonic, serial_demonic_f, serial_demonic_e,
          serial_demonic_d, serial_demonic_d, serial_demonic_e,
          ebering_dispersal_statue_hall, uniq_grinder

Skill      XL: |  1  2  3 |
---------------+----------+-----
Ranged Weapons | 6 7 |  7.9
Fighting       | |  1.5
Dodging        | |  2.4
Stealth        | |  1.2

Action                     |  1- 3 |  4- 6 || total
---------------------------+-------+-------++-------
   Fire: Shortbow          |   100 |    71 ||   171
    Use: Scroll            |     4 |     4 ||     8
         Potion            |     2 |     2 ||     4
 Armour: Leather armour    |    17 |       ||    17
         Scale mail        |    21 |    29 ||    50
         Ring mail         |       |     5 ||     5
  Dodge: Dodged            |    22 |    25 ||    47

Table legend:
 A = Non-vault XP
 B = Vault XP
 C = Vault XP percentage of total XP
 D = Non-vault monster count
 E = Vault monster count
 F = Vault count percentage of total count
                 A         B        C        D         E       F
            +---------+---------+-------+---------+---------+-------
      Total |     139 |       8 |   5.4 |      43 |       6 |  12.2
            +---------+---------+-------+---------+---------+-------
        D:1 |      28 |       5 |  15.2 |      17 |       3 |  15.0
        D:2 |      99 |       0 |   0.0 |      19 |       0 |   0.0
        D:3 |      12 |       3 |  20.0 |       7 |       3 |  30.0
            +---------+---------+-------+---------+---------+-------
